3AAA
GRYFINDOR BRAVES @ BALBOA BUCCANEERS
08/03/2018
 
TOP OF THE 1ST
Gryfindor Braves batting - Pitching for Balboa Buccaneers : LHP Bill Howard
Pitching: LHP Bill Howard
Batting: RHB Ignacio García 0-0: Ball
1-0: Foul Ball, location: 2F
1-1: Swinging Strike
1-2: Strikes out swinging
Batting: RHB José Casarreal 0-0: Ball
1-0: Foul Ball, location: 2F
1-1: Ball
2-1: Fly out, F9 (Flyball, 89M)
Batting: RHB Pedro Cruz 0-0: Ball
1-0: Called Strike
1-1: Foul Ball, location: 2F
1-2: Ground out 1-3 (Groundball, 15)
Top of the 1st over - 0 run(s), 0 hit(s), 0 error(s), 0 left on base; Gryfindor 0 - Balboa 0
BOTTOM OF THE 1ST
Balboa Buccaneers batting - Pitching for Gryfindor Braves : RHP Masaharu Suto
Pitching: RHP Masaharu Suto
Batting: SHB Theodore Buck 0-0: Ball
1-0: Called Strike
1-1: Ball
2-1: Swinging Strike
2-2: Strikes out swinging
Batting: RHB César Garza 0-0: Foul Ball, location: 2F
0-1: Called Strike
0-2: Ground out U3 (Groundball, 3S)
Batting: LHB Bellchyor Lebrim 0-0: SOLO HOME RUN (Flyball, 78D), Distance : 423 ft
Batting: RHB Jeff Bass 0-0: Called Strike
0-1: Ball
1-1: Ball
2-1: Ball
3-1: Base on Balls
Batting: RHB Jean Lemaire 0-0: SINGLE (Flyball, 8LS)
Jeff Bass to second
Batting: RHB Leonard James 0-0: Called Strike
0-1: Ball
1-1: Foul Ball, location: 2F
1-2: Ball
2-2: Foul Ball, location: 2F
2-2: Foul Ball, location: 2F
2-2: Foul Ball, location: 2F
2-2: Foul Ball, location: 2F
2-2: Fly out, F7 (Flyball, 78M)
Bottom of the 1st over - 1 run(s), 2 hit(s), 0 error(s), 2 left on base; Gryfindor 0 - Balboa 1
TOP OF THE 2ND
Gryfindor Braves batting - Pitching for Balboa Buccaneers : LHP Bill Howard
Batting: RHB Arlen King 0-0: Ball
1-0: Ball
2-0: Called Strike
2-1: Foul Ball, location: 2F
2-2: Ball
3-2: Strikes out swinging
Batting: RHB Kyle Wilson 0-0: Ball
1-0: Foul Ball, location: 2F
1-1: Fly out, F9 (Flyball, 89M)
Batting: SHB Joe Werner 0-0: Ball
1-0: Swinging Strike
1-1: Foul Ball, location: 2F
1-2: Ball
2-2: SINGLE (Line Drive, 8LS)
Batting: LHB Jim Unknown 0-0: Foul Ball, location: 2F
0-1: Foul Ball, location: 2F
0-2: Ball
1-2: Foul Ball, location: 2F
1-2: SINGLE (Line Drive, 8LS)
Joe Werner to second
Batting: RHB Alfredo Martínez 0-0: Ball
1-0: Fielders Choice at 2nd, U4 (Groundball, 4M)
Top of the 2nd over - 0 run(s), 2 hit(s), 0 error(s), 2 left on base; Gryfindor 0 - Balboa 1
BOTTOM OF THE 2ND
Balboa Buccaneers batting - Pitching for Gryfindor Braves : RHP Masaharu Suto
Batting: RHB Louie McNeil 0-0: Called Strike
0-1: Ball
1-1: Foul Ball, location: 2F
1-2: Foul Ball, location: 2F
1-2: Fly out, F7 (Flyball, 78M)
Batting: LHB Anthony Trigg 0-0: Ball
1-0: Called Strike
1-1: Ball
2-1: Foul Ball, location: 2F
2-2: Foul Ball, location: 2F
2-2: Ground out 4-3 (Groundball, 4)
Batting: LHB Jafar Taha 0-0: Foul Ball, location: 2F
0-1: Ball
1-1: Ball
2-1: Foul Ball, location: 2F
2-2: Ball
3-2: Strikes out swinging
Bottom of the 2nd over - 0 run(s), 0 hit(s), 0 error(s), 0 left on base; Gryfindor 0 - Balboa 1
TOP OF THE 3RD
Gryfindor Braves batting - Pitching for Balboa Buccaneers : LHP Bill Howard
Batting: RHB Claudio Pérez 0-0: Ball
1-0: Ball
2-0: Called Strike
2-1: SINGLE (Groundball, 56D)
Batting: RHB Ignacio García 0-0: Ball
1-0: Ball
2-0: Called Strike
2-1: Ball
3-1: Swinging Strike
3-2: SINGLE (Flyball, 7S)
Claudio Pérez to second
Batting: RHB José Casarreal 0-0: Ball
1-0: Called Strike
1-1: SINGLE (Line Drive, 4M)
Claudio Pérez to third
Ignacio García to second
Batting: RHB Pedro Cruz 0-0: Ball
1-0: Ball
2-0: SINGLE (Line Drive, 4D)
Claudio Pérez scores
Ignacio García to third
José Casarreal to second
Batting: RHB Arlen King 0-0: Called Strike
0-1: Ball
1-1: Called Strike
1-2: Fly out, F8 (Flyball, 8LM)
Runner from 3rd tags up, SCORES, no throw
Batting: RHB Kyle Wilson 0-0: Ball
1-0: Called Strike
1-1: Ball
2-1: Ball
3-1: Base on Balls
José Casarreal to third
Pedro Cruz to second
Batting: SHB Joe Werner 0-0: Ball
1-0: Ball
2-0: Ball
3-0: Called Strike
3-1: Foul Ball, location: 2F
3-2: Base on Balls
José Casarreal scores
Pedro Cruz to third
Kyle Wilson to second
Batting: LHB Jim Unknown 0-0: Fly out, F9 (Flyball, 9D)
Runner from 3rd tags up, SCORES, no throw
Kyle Wilson to third
Batting: RHB Alfredo Martínez 0-0: Called Strike
0-1: Ball
1-1: Ball
2-1: Ball
3-1: Called Strike
3-2: Foul Ball, location: 2F
3-2: Foul Ball, location: 2F
3-2: Strikes out swinging
Top of the 3rd over - 4 run(s), 4 hit(s), 0 error(s), 2 left on base; Gryfindor 4 - Balboa 1
BOTTOM OF THE 3RD
Balboa Buccaneers batting - Pitching for Gryfindor Braves : RHP Masaharu Suto
Batting: SHB Theodore Buck 0-0: Ball
1-0: Ground out 5-3 (Groundball, 5S)
Batting: RHB César Garza 0-0: Ball
1-0: Called Strike
1-1: Foul Ball, location: 2F
1-2: Ball
2-2: Ball
3-2: Ground out 4-3 (Groundball, 4)
Batting: LHB Bellchyor Lebrim 0-0: Ball
1-0: Foul Ball, location: 2F
1-1: Fly out, F7 (Flyball, 7M)
Bottom of the 3rd over - 0 run(s), 0 hit(s), 0 error(s), 0 left on base; Gryfindor 4 - Balboa 1
TOP OF THE 4TH
Gryfindor Braves batting - Pitching for Balboa Buccaneers : LHP Bill Howard
Batting: RHB Claudio Pérez 0-0: Ball
1-0: Called Strike
1-1: Ball
2-1: DOUBLE (Line Drive, 7LM)
Batting: RHB Ignacio García 0-0: Ball
1-0: Ball
2-0: Called Strike
2-1: Foul Ball, location: 2F
2-2: Foul Ball, location: 2F
2-2: Ball
3-2: Base on Balls
Batting: RHB José Casarreal 0-0: Called Strike
0-1: Ball
1-1: Foul Ball, location: 2F
1-2: Ball
2-2: Foul Ball, location: 2F
2-2: SINGLE (Groundball, 4M)
Claudio Pérez to third
Ignacio García to second
Runner from 3rd tries for Home, SAFE, throw made home
Ignacio García to third
José Casarreal to second
Pitching: RHP Dan Pope
Batting: RHB Pedro Cruz 0-0: Ball
1-0: Foul Ball, location: 2F
1-1: Foul Ball, location: 2F
1-2: Fly out, F3 (Popup, 3DF)
Batting: RHB Arlen King 0-0: Called Strike
0-1: Ball
1-1: Called Strike
1-2: Ball
2-2: SINGLE (Groundball, 6MD)
Ignacio García scores
José Casarreal to third
Runner from 3rd tries for Home, SAFE, throw made home
Batting: RHB Kyle Wilson 0-0: Grounds into double play, U6-3 (Groundball, 6)
Top of the 4th over - 3 run(s), 3 hit(s), 0 error(s), 0 left on base; Gryfindor 7 - Balboa 1
BOTTOM OF THE 4TH
Balboa Buccaneers batting - Pitching for Gryfindor Braves : RHP Masaharu Suto
Batting: RHB Jeff Bass 0-0: Called Strike
0-1: Ball
1-1: Fly out, F4 (Line Drive, 4)
Batting: RHB Jean Lemaire 0-0: Ground out 5-3 (Groundball, 56)
Batting: RHB Leonard James 0-0: Swinging Strike
0-1: SINGLE (Groundball, 5D)
Batting: RHB Louie McNeil 0-0: Ball
1-0: Called Strike
1-1: Ball
2-1: Ball
3-1: Foul Ball, location: 2F
3-2: Fly out, F9 (Flyball, 89M)
Bottom of the 4th over - 0 run(s), 1 hit(s), 0 error(s), 1 left on base; Gryfindor 7 - Balboa 1
TOP OF THE 5TH
Gryfindor Braves batting - Pitching for Balboa Buccaneers : RHP Dan Pope
Batting: SHB Joe Werner 0-0: Swinging Strike
0-1: Ball
1-1: Ball
2-1: Ball
3-1: Foul Ball, location: 2F
3-2: Foul Ball, location: 2F
3-2: SINGLE (Line Drive, 4MD)
Batting: LHB Jim Unknown 0-0: Ball
1-0: Foul Ball, location: 2F
1-1: Ball
2-1: Foul Ball, location: 2F
2-2: Ball
3-2: Foul Ball, location: 2F
3-2: Fielders Choice at 2nd, U6 (Groundball, 6M)
Batting: RHB Alfredo Martínez 0-0: Ball
1-0: Fly out, F9 (Flyball, 89M)
Batting: RHB Claudio Pérez 0-0: Foul Ball, location: 2F
0-1: Called Strike
0-2: Ball
1-2: Foul Ball, location: 2F
1-2: Foul Ball, location: 2F
1-2: Foul Ball, location: 2F
1-2: Ball
2-2: Ball
3-2: SINGLE (Line Drive, 78S)
Jim Unknown to second
Jim Unknown to third
Batting: RHB Ignacio García 0-0: Called Strike
0-1: Ball
1-1: Ball
2-1: Ball
3-1: Foul Ball, location: 2F
3-2: Foul Ball, location: 2F
3-2: Fly out, F4 (Popup, 4MS)
Top of the 5th over - 0 run(s), 2 hit(s), 0 error(s), 2 left on base; Gryfindor 7 - Balboa 1
BOTTOM OF THE 5TH
Balboa Buccaneers batting - Pitching for Gryfindor Braves : RHP Masaharu Suto
Batting: LHB Anthony Trigg 0-0: Called Strike
0-1: Fly out, F5 (Line Drive, 56)
Batting: LHB Jafar Taha 0-0: Ball
1-0: Swinging Strike
1-1: Fly out, F5 (Popup, 6)
Batting: SHB Theodore Buck 0-0: Called Strike
0-1: Ball
1-1: SINGLE (Groundball, 56D)
Batting: RHB César Garza 0-0: Ground out 4-3 (Groundball, 4)
Bottom of the 5th over - 0 run(s), 1 hit(s), 0 error(s), 1 left on base; Gryfindor 7 - Balboa 1
TOP OF THE 6TH
Gryfindor Braves batting - Pitching for Balboa Buccaneers : RHP Dan Pope
Batting: RHB José Casarreal 0-0: Ball
1-0: Ball
2-0: Called Strike
2-1: Foul Ball, location: 2F
2-2: SINGLE (Line Drive, 56D)
Batting: RHB Pedro Cruz 0-0: Called Strike
0-1: Called Strike
0-2: Ball
1-2: SINGLE (Line Drive, 6MD)
José Casarreal to second
Batting: RHB Arlen King 0-0: Called Strike
0-1: 3-RUN HOME RUN (Flyball, 7D), Distance : 386 ft
Pitching: RHP Jim Mitford
Batting: RHB Kyle Wilson 0-0: Ball
1-0: Ball
2-0: Ball
3-0: Called Strike
3-1: Foul Ball, location: 2F
3-2: SINGLE (Groundball, 56D)
Batting: SHB Joe Werner 0-0: Ball
1-0: Swinging Strike
1-1: Foul Ball, location: 2F
1-2: Ball
2-2: Strikes out swinging
Batting: LHB Jim Unknown 0-0: Called Strike
0-1: Fly out, F7 (Flyball, 7M)
Batting: RHB Alfredo Martínez 0-0: Called Strike
0-1: Ball
1-1: Hit by Pitch
Kyle Wilson to second
Batting: RHB Claudio Pérez 0-0: Ball
1-0: Ball
2-0: Ball
3-0: Called Strike
3-1: Called Strike
3-2: Foul Ball, location: 2F
3-2: Foul Ball, location: 2F
3-2: Foul Ball, location: 2F
3-2: Fly out, F7 (Flyball, 78S)
Top of the 6th over - 3 run(s), 4 hit(s), 0 error(s), 2 left on base; Gryfindor 10 - Balboa 1
BOTTOM OF THE 6TH
Balboa Buccaneers batting - Pitching for Gryfindor Braves : RHP Masaharu Suto
Batting: LHB Bellchyor Lebrim 0-0: Swinging Strike
0-1: Ball
1-1: Swinging Strike
1-2: Ground out 3-1 (Groundball, 3)
Batting: RHB Jeff Bass 0-0: Ball
1-0: Swinging Strike
1-1: Foul Ball, location: 2F
1-2: SINGLE (Flyball, 89S)
Batting: RHB Jean Lemaire 0-0: Ball
1-0: Swinging Strike
1-1: Ball
2-1: 2-RUN HOME RUN (Flyball, 78XD), Distance : 425 ft
Batting: RHB Leonard James 0-0: Ball
1-0: Ground out 1-3 (Groundball, 15)
Batting: RHB Louie McNeil 0-0: Swinging Strike
0-1: Ground out 4-3 (Groundball, 4M)
Bottom of the 6th over - 2 run(s), 2 hit(s), 0 error(s), 0 left on base; Gryfindor 10 - Balboa 3
TOP OF THE 7TH
Gryfindor Braves batting - Pitching for Balboa Buccaneers : RHP Jim Mitford
Batting: RHB Ignacio García 0-0: Called Strike
0-1: Foul Ball, location: 2F
0-2: Foul Ball, location: 2F
0-2: Ball
1-2: Ground out 6-3 (Groundball, 6)
Batting: RHB José Casarreal 0-0: Ball
1-0: Ball
2-0: Foul Ball, location: 2F
2-1: Ball
3-1: SINGLE (Line Drive, 89M)
Batting: RHB Pedro Cruz 0-0: Swinging Strike
0-1: Ball
1-1: Ball
2-1: Called Strike
2-2: Strikes out swinging
Batting: RHB Arlen King 0-0: Ball
1-0: Foul Ball, location: 2F
1-1: Foul Ball, location: 2F
1-2: Foul Ball, location: 2F
1-2: Ball
2-2: Foul Ball, location: 2F
2-2: Fly out, F9 (Flyball, 89M)
Top of the 7th over - 0 run(s), 1 hit(s), 0 error(s), 1 left on base; Gryfindor 10 - Balboa 3
BOTTOM OF THE 7TH
Balboa Buccaneers batting - Pitching for Gryfindor Braves : RHP Masaharu Suto
Now at C: Miguel Torres
Batting: LHB Anthony Trigg 0-0: SINGLE (Groundball, 5D)
Batting: LHB Jafar Taha 0-0: Ball
1-0: Fly out, F7 (Line Drive, 78M)
Batting: SHB Theodore Buck 0-0: Fielders Choice at 2nd, 1-6 (Groundball, 13S)
Batting: RHB César Garza 0-0: Swinging Strike
0-1: Called Strike
0-2: Foul Ball, location: 2F
0-2: Ball
1-2: Strikes out swinging
Bottom of the 7th over - 0 run(s), 1 hit(s), 0 error(s), 1 left on base; Gryfindor 10 - Balboa 3
TOP OF THE 8TH
Gryfindor Braves batting - Pitching for Balboa Buccaneers : RHP Jim Mitford
Pitching: RHP Jimmy Wilson
Batting: RHB Kyle Wilson 0-0: Swinging Strike
0-1: SINGLE (Line Drive, 4D)
Batting: SHB Joe Werner 0-0: Foul Ball, location: 2F
0-1: SINGLE (Groundball, 4MD)
Kyle Wilson to second
Batting: LHB Jim Unknown 0-0: Foul Ball, location: 2F
0-1: Foul Ball, location: 2F
0-2: Foul Ball, location: 2F
0-2: Strikes out swinging
Batting: RHB Miguel Torres 0-0: DOUBLE (Line Drive, 7LM)
Kyle Wilson scores
Joe Werner to third
Batting: RHB Claudio Pérez 0-0: Called Strike
0-1: Ball
1-1: Ball
2-1: Foul Ball, location: 2F
2-2: Ground out 6-3 (Groundball, 6M)
Joe Werner scores
Miguel Torres to third
Batting: RHB Ignacio García 0-0: Ball
1-0: Called Strike
1-1: Ground out 4-3 (Groundball, 4M)
Top of the 8th over - 2 run(s), 3 hit(s), 0 error(s), 1 left on base; Gryfindor 12 - Balboa 3
BOTTOM OF THE 8TH
Balboa Buccaneers batting - Pitching for Gryfindor Braves : RHP Masaharu Suto
Batting: LHB Bellchyor Lebrim 0-0: Called Strike
0-1: Ball
1-1: Ball
2-1: Ball
3-1: Fly out, F6 (Popup, 5D)
Batting: RHB Jeff Bass 0-0: Called Strike
0-1: Ball
1-1: Ball
2-1: Swinging Strike
2-2: Ball
3-2: Ground out 4-3 (Groundball, 4)
Batting: RHB Jean Lemaire 0-0: Called Strike
0-1: Called Strike
0-2: Strikes out swinging
Bottom of the 8th over - 0 run(s), 0 hit(s), 0 error(s), 0 left on base; Gryfindor 12 - Balboa 3
TOP OF THE 9TH
Gryfindor Braves batting - Pitching for Balboa Buccaneers : RHP Jimmy Wilson
Pitching: RHP Rubén Rodríguez
Batting: RHB José Casarreal 0-0: Swinging Strike
0-1: Foul Ball, location: 2F
0-2: Foul Ball, location: 2F
0-2: Ball
1-2: SINGLE (Groundball, 4MD)
Batting: RHB Pedro Cruz 0-0: Ball
1-0: Grounds into double play, 4-6-3 (Groundball, 4)
Batting: RHB Arlen King 0-0: Ground out 6-3 (Groundball, 6)
Top of the 9th over - 0 run(s), 1 hit(s), 0 error(s), 0 left on base; Gryfindor 12 - Balboa 3
BOTTOM OF THE 9TH
Balboa Buccaneers batting - Pitching for Gryfindor Braves : RHP Masaharu Suto
Batting: RHB Leonard James 0-0: Called Strike
0-1: Ball
1-1: Fly out, F6 (Popup, 6D)
Pitching: RHP Domingo Medina
Batting: RHB Louie McNeil 0-0: Foul Ball, location: 2F
0-1: Ball
1-1: Called Strike
1-2: SINGLE (Line Drive, 89M)
Batting: LHB Anthony Trigg 0-0: Swinging Strike
0-1: Swinging Strike
0-2: Fly out, F8 (Flyball, 8LM)
Batting: LHB Jafar Taha 0-0: Fly out, F9 (Flyball, 9M)
Bottom of the 9th over - 0 run(s), 1 hit(s), 0 error(s), 1 left on base; Gryfindor 12 - Balboa 3
This league is powered by Out of the Park Baseball, the baseball management simulation game for PC, Mac and Linux
Monday, May 4th, 2015 - OOTP Baseball 15.6 Build 34